 Dungeon Crawl Stone Soup version 0.30-a0-779-g7971cf19c3 (webtiles) character file.

Game seed: 13679917637418213922

198142 ryw the Fighter (level 17, -2/132 HPs)
             Began as a Demonspawn Monk on Feb 18, 2023.
             Was the Champion of Hepliaklqana.
             Slain by an alligator (33 damage)
             ... called by a spriggan druid
             ... on level 3 of the Swamp.
             The game lasted 01:20:58 (34936 turns).

ryw the Fighter (Demonspawn Monk)                  Turns: 34936, Time: 01:20:59

Health: -2/132     AC: 44    Str: 16    XL:     17   Next: 80%
Magic:  30/30      EV: 17    Int: 20    God:    Hepliaklqana [******]
Gold:   345        SH:  0    Dex: 24    Spells: 15/35 levels left

rFire   x . .      SeeInvis .    b - +5 lajatang of Action {elec, rN+ Stlth+}
rCold   + + .      Faith    .    (shield currently unavailable)
rNeg    + + +      Spirit   .    N - +14 ice dragon scales of Plasticity {Rampage rF- rC++}
rPois   +          Reflect  .    M - +2 helmet
rElec   +          Harm     .    e - +2 cloak
rCorr   .          Rampage  +    C - +2 pair of gloves "Hong" {Int+2 Slay+5}
Will    +....                    t - +2 pair of boots
Stlth   +                        f - amulet of Toceruoh {Acrobat rElec rC- rN+ Dex+5}
HPRegen 0.42/turn                R - ring of Uqaeneyng {Ice rElec rPois Str+4}
MPRegen 0.22/turn                v - ring "Nucuggirgh" {rF+ rN+ Int+2 Stlth-}

@: no status effects
A: reduced essence, rugged brown scales 3, powered by pain 3, spiny 1,
augmentation 2, weakness stinger 2
}: 1/15 runes: serpentine
a: Renounce Religion, Recall Ancestor, Ancestor Identity, Transference, Idealise


You were on level 3 of the Swamp.
You worshipped Hepliaklqana.
Hepliaklqana was exalted by your worship.
You visited 5 branches of the dungeon, and saw 25 of its levels.
You visited 1 bazaar.
You also visited: Ice Cave.

You collected 2598 gold pieces.
You spent 2253 gold pieces at shops.

Inventory:

Hand Weapons
 b - the +5 lajatang of Action (weapon) {elec, rN+ Stlth+}
   (You found it on level 7 of the Dungeon)

   rN:        It protects you from negative energy.
   Stlth:     It makes you more stealthy.
Missiles
 g - 14 boomerangs of dispersal
 L - 6 javelins
 O - 8 silver boomerangs
Armour
 e - a +2 cloak (worn)
 t - a +2 pair of boots (worn)
 C - the +2 pair of gloves "Hong" (worn) {Int+2 Slay+5}
   (You bought it in a shop in a bazaar)

   Int:       It affects your intelligence (+2).
   Slay:      It affects your accuracy & damage with ranged weapons and melee
   (+5).
 M - a +2 helmet (worn)
 N - the +14 ice dragon scales of Plasticity (worn) {Rampage rF- rC++}
   (You found it in an ice cave)

   rF:        It makes you vulnerable to fire.
   rC:        It greatly protects you from cold.
   Rampage:   It bestows one free step when moving towards enemies.
Jewellery
 c - the ring of Nuh Kih {rC- Will+ Dex+3 SInv}
   (You found it on level 1 of the Swamp)

   [ring of see invisible]

   Dex:       It affects your dexterity (+3).
   rC:        It makes you vulnerable to cold.
   SInv:      It lets you see invisible.
   Will:      It increases your willpower.
 d - a ring of resist corrosion
 f - the amulet of Toceruoh (around neck) {Acrobat rElec rC- rN+ Dex+5}
   (You bought it in a shop on level 2 of the Snake Pit)

   [amulet of the acrobat]

   It increases your evasion while moving and waiting.
   Dex:       It affects your dexterity (+5).
   rC:        It makes you vulnerable to cold.
   rElec:     It insulates you from electricity.
   rN:        It protects you from negative energy.
 v - the ring "Nucuggirgh" (right hand) {rF+ rN+ Int+2 Stlth-}
   (You found it on level 5 of the Dungeon)

   [ring of protection from fire]

   Int:       It affects your intelligence (+2).
   rF:        It protects you from fire.
   rN:        It protects you from negative energy.
   Stlth:     It makes you less stealthy.
 w - a ring of see invisible
 A - a ring of flight
 D - a +6 ring of intelligence
 E - a ring of positive energy
 R - the ring of Uqaeneyng (left hand) {Ice rElec rPois Str+4}
   (You found it in an ice cave)

   [ring of ice]

   It enhances your ice magic.
   Str:       It affects your strength (+4).
   rF:        It makes you vulnerable to fire.
   rC:        It protects you from cold.
   rElec:     It insulates you from electricity.
   rPois:     It protects you from poison.
 X - a ring of wizardry
Wands
 a - a wand of polymorph (7)
 m - a wand of flame (27)
 F - a wand of roots (17)
 K - a wand of mindburst (8)
Scrolls
 i - 8 scrolls of blinking
 o - 6 scrolls of fear
 p - a scroll of torment
 r - 7 scrolls of magic mapping
 u - 6 scrolls of teleportation
 y - 10 scrolls of identify
 B - 3 scrolls of butterflies
 I - 3 scrolls of enchant armour
 T - 3 scrolls of fog
 U - 3 scrolls of amnesia
 Z - a scroll of enchant weapon
Potions
 h - 2 potions of flight
 j - 2 potions of cancellation
 k - 6 potions of brilliance
 l - 10 potions of curing
 n - 4 potions of heal wounds
 s - a potion of resistance
 x - 2 potions of degeneration
 z - 3 potions of haste
 G - 3 potions of invisibility
 H - 8 potions of attraction
 J - 2 potions of berserk rage
 P - a potion of ambrosia
 Q - 2 potions of might
 S - a potion of mutation
 Y - a potion of magic
Miscellaneous
 q - a box of beasts
 V - a phial of floods
 W - a piece from Xom's chessboard (15/15)


   Skills:
 + Level 13.3 Fighting
 - Level 3.0 Short Blades
 * Level 12.5 Staves
 - Level 6.2 Throwing
 + Level 11.7 Armour
 - Level 11.0 Dodging
 - Level 1.7 Stealth
 - Level 2.9 Shields
 - Level 2.6 Unarmed Combat
 + Level 9.5 Spellcasting
 * Level 11.6 Summonings
 + Level 5.4 Translocations
 - Level 4.7 Transmutations
 - Level 4.8 Air Magic
 - Level 5.0 Invocations


You had 15 spell levels left.
You knew the following spells:

 Your Spells              Type           Power      Damage    Failure   Level
a - Summon Lightning Spi  Summ/Air       42%        N/A       9%          4
b - Call Canine Familiar  Summ           54%        N/A       1%          3
c - Blink                 Tloc           62%        N/A       3%          2
d - Storm Form            Tmut/Air       14%        N/A       100%        7
e - Manifold Assault      Tloc           31%        N/A       26%         4

Your spell library contained the following spells:

 Spells                   Type           Power      Damage    Failure   Level
 Summon Small Mammal      Summ           100%       N/A       1%          1
 Lesser Beckoning         Tloc           62%        N/A       3%          2
 Wereblood                Tmut           28%        N/A       4%          2
 Summon Guardian Golem    Hex/Summ       32%        N/A       7%          3
 Gell's Gravitas          Tloc           31%        N/A       8%          3
 Teleport Other           Tloc           31%        N/A       8%          3
 Shock                    Conj/Air       76%        1d7       9%          1
 Sting                    Tmut/Pois      76%        1d6       9%          1
 Swiftness                Air            29%        N/A       10%         3
 Momentum Strike          Conj/Tloc      40%        3d9       12%         2
 Passwall                 Tmut/Erth      15%        N/A       14%         2
 Poisonous Vapours        Pois/Air       38%        N/A       14%         2
 Animate Armour           Summ/Erth      64%        N/A       22%         4
 Sandblast                Erth           18%        2d7       24%         1
 Slow                     Hex            36%        N/A       24%         1
 Portal Projectile        Hex/Tloc       40%        N/A       24%         3
 Airstrike                Air            14%        2d(3-19)  32%         4
 Sublimation of Blood     Necr           9%         N/A       36%         2
 Confusing Touch          Hex            9%         N/A       58%         3
 Dazzling Flash           Conj/Hex       18%        N/A       58%         3
 Inner Flame              Hex/Fire       9%         N/A       58%         3
 Ozocubu's Armour         Ice            14%        N/A       58%         3
 Stone Arrow              Conj/Erth      18%        3d8       58%         3
 Tukima's Dance           Hex            9%         N/A       58%         3
 Vampiric Draining        Necr           9%         2d6       58%         3
 Iskenderun's Mystic Bla  Conj/Tloc      20%        2d6       61%         4
 Petrify                  Tmut/Erth      19%        N/A       65%         4
 Blade Hands              Tmut           14%        N/A       67%         5
 Summon Hydra             Summ           27%        N/A       86%         7
 Anguish                  Hex/Necr       4%         N/A       94%         4
 Cause Fear               Hex            4%         N/A       94%         4
 Olgreb's Toxic Radiance  Pois           9%         N/A       94%         4
 Lightning Bolt           Conj/Air       9%         1d22      94%         5
 Freezing Cloud           Conj/Ice/Air   12%        6-21      98%         5
 Dispersal                Tloc           15%        N/A       98%         6
 Simulacrum               Ice/Necr       7%         N/A       100%        6
 Starburst                Conj/Fire      4%         6d4       100%        6
 Statue Form              Tmut/Erth      12%        N/A       100%        6
 Dragon Form              Tmut           14%        N/A       100%        7
 Enfeeble                 Hex            4%         N/A       100%        7
 Ozocubu's Refrigeration  Ice            7%         4d9       100%        7
 Discord                  Hex            4%         N/A       100%        8
 Disjunction              Tloc           15%        N/A       100%        8
 Lehudib's Crystal Spear  Conj/Erth      4%         10d3      100%        8
 Dragon's Call            Summ           27%        N/A       100%        9
 Polar Vortex             Ice            7%         N/A       100%        9


Dungeon Overview and Level Annotations

Branches:
Dungeon (11/15)            Temple (0/1) D:7            Lair (5/5) D:8
  Swamp (3/4) Lair:3        Snake (4/4) Lair:3        Slime (0/5) Lair:4
    Orc (2/2) D:11            Elf (0/3) Orc:2         IceCv (visited)

Altars:
Ashenzari
Dithmenos
Gozag
Hepliaklqana
Kikubaaqudgha
Makhleb
Okawaru
Qazlal
Trog
Uskayaw
Yredelemnul
Jiyva

Shops:
D:7 (   D:8 (   Orc:2 *(*(   Snake:2 [=:   Snake:4 *:=:

Annotations:
D:3 1 runed translucent door, Crazy Yiuf
Swamp:3 2 transporters, Naistiu's ghost, adept DESu


Innate Abilities, Weirdness & Mutations

Your life essence is reduced to manifest your ancestor. (-10% HP)
You are completely covered in rugged brown scales. (AC +3, +7% HP)
You are powered by pain.
You are partially covered in sharp spines.
Your magical and physical power is enhanced at high health.
You have a tail ending in a sharp stinger.


Message History

You slash the swamp dragon!
Lightning courses through the swamp dragon!
The swamp dragon is almost dead.
The alligator closely misses you. The alligator completely misses you.
A tyrant leech comes into view.
Something bites your warg.
You hit the swamp dragon but do no damage.
Your tail-slap misses the swamp dragon.
The swamp dragon is almost dead.
The bunyip is struck by your spines. The bunyip barely misses you.
The bunyip claws you!!
You focus on the pain.
You feel your power returning. The bunyip claws you!!
* * * LOW HITPOINT WARNING * * *
The swamp dragon is struck by your spines.
The swamp dragon closely misses you.
The swamp dragon claws you but does no damage.
The swamp dragon closely misses you.
Nolwazi hits the bunyip but does no damage.
Nolwazi drains the bunyip.
The alligator closely misses you. The alligator barely misses you.
Nolwazi hits the bunyip with a +0 dagger of draining!
You hit the swamp dragon. You tail-slap the swamp dragon!
You kill the swamp dragon!
The alligator barely misses you.
The alligator tail-slaps you but does no damage.
The death drake barely misses your warg.
Nolwazi barely misses the bunyip.
You hit the bunyip. You tail-slap the bunyip!
The bunyip is moderately wounded.
The alligator misses you. The alligator tail-slaps you!
* * * LOW HITPOINT WARNING * * *
The death drake bites your warg.
You slash the bunyip! You tail-slap the bunyip.
The bunyip is heavily wounded.
Your lightning spire shoots out a bolt of lightning at the alligator!
The bolt of electricity hits your warg!!
The bolt of electricity hits the bunyip!
The bolt of electricity hits the alligator!!
The alligator is struck by your spines. The alligator bites you!!
You die...

♣...#.f#...#..#..♣
♣<..#.D.DtWin.#..♣
~...##8.fwwX8##..♣ .
♣....#########...♣ ..
.~.......©.......♣ .~
~.~.............♣ ~♣
~..~~~..~.~..k♣♣ .~♣
....~♣♣♣.~~~.♣~♣♣♣.§♣♣..
♣♣~.♣♣ ♣♣~~~.♣8h@~....~.
♣♣♣~♣ ♣♣♣~♣♣)Rxt~~~.~. ♣
♣~♣ ♣♣♣♣♣.~~~~w... ♣ ♣♣♣
.~~~~~.... ♣.~~~...♣~.
♣~...♣♣♣♣ . ♣♣♣♣♣♣


You could see the friendly Nolwazi the hexer, a bunyip (strong, distracted,
drained, ally target), a death drake, an alligator (strong, swift, ally target),
2 tyrant leeches, a friendly warg (summoned) and a friendly lightning spire
(summoned).

Vanquished Creatures
  The ghost of Guoplah the Executioner, an adept HOFi of Okawaru (Snake:3)
  5 nagarajas
  An orc warlord (Orc:2)
  A quicksilver ooze (IceCv)
  2 eleionomae (Swamp:2)
  A bunyip (Swamp:2)
  A dire elephant (Lair:5)
  A hydra (Swamp:3)
  A salamander tyrant (Snake:4)
  A catoblepas (Lair:4)
  12 anacondas
  2 alligators (Swamp:1)
  12 naga warriors
  2 death yaks (Lair:1)
  A two-headed ogre (D:11)
  2 orc high priests (Orc:2)
  16 naga sharpshooters
  6 shock serpents
  2 skysharks
  2 goliath frogs (Swamp:1)
  A salamander mystic (Snake:4)
  3 spriggan druids
  3 sea snakes
  4 swamp dragons
  A lindwurm (Lair:5)
  4 bog bodies
  7 orc knights
  7 naga ritualists
  6 mana vipers
  5 orc sorcerers
  2 manticores
  10 salamanders
  A cyclops (D:11)
  5 elephants
  3 guardian serpents
  28 black mambas
  16 naga magi
  An unseen horror (D:11)
  7 cane toads
  5 rime drakes
  11 komodo dragons
  8 trolls
  A wind drake (Lair:5)
  A polar bear (Lair:2)
  2 hornets
  30 blink frogs
  6 tyrant leeches
  3 snapping turtles (Lair:5)
  7 slime creatures (IceCv)
  3 spriggans
  32 yaks
  2 shadows (D:11)
  3 wyverns
  A basilisk (D:8)
  2 steam dragons
  12 vampire mosquitoes
  Edmund (D:6)
  10 swamp worms
  28 nagas
  4 wargs (Orc:2)
  2 acid dragons
  11 water moccasins
  Duvessa (D:5)
  3 swamp drakes
  2 ice beasts (D:5)
  47 orc warriors
  11 ogres
  4 great orb of eyes simulacra (IceCv)
  15 wolves
  9 centaurs
  A phantom (D:7)
  3 slime creature simulacra (IceCv)
  2 kobold brigands
  2 necrophages
  4 scorpions
  3 glowing shapeshifter simulacra (IceCv)
  3 bullfrogs
  A gnoll sergeant (Orc:2)
  4 wights
  12 killer bees
  Dowan (D:5)
  2 howler monkeys
  10 orc priests
  4 jellies
  6 hounds
  3 iron imps (D:3)
  Natasha (twice) (D:2)
  3 iguanas
  18 orc wizards
  2 shapeshifter simulacra (IceCv)
  6 gnolls
  A hexer (D:7)
  8 adders
  A shadow imp (D:5)
  2 white imps
  3 worms
  10 dart slugs
  73 orcs
  7 endoplasms
  4 giant cockroaches
  11 goblins
  6 hobgoblins
  7 jackals
  17 kobolds
  2 quokkas (D:4)
  7 ball pythons
  3 bats (D:1)
  A frilled lizard (D:2)
  6 rats
724 creatures vanquished.

Vanquished Creatures (collateral kills)
  Mlioglotl (Snake:2)
  Roxanne (Snake:2)
  An azure jelly (IceCv)
  Aizul (Snake:2)
  An orc warlord (Orc:2)
  A quicksilver ooze (IceCv)
  An eleionoma (Swamp:1)
  A ghost crab (Swamp:1)
  2 hydras
  A merfolk avatar (Lair:5)
  3 naga warriors
  A shock serpent (Snake:3)
  2 sea snakes
  2 goliath frogs (Swamp:1)
  2 salamander mystics (Snake:4)
  2 spriggan druids
  2 skysharks
  3 naga ritualists
  A bog body (Lair:3)
  A mana viper (Snake:3)
  A manticore (Lair:5)
  3 black mambas
  3 guardian serpents
  3 cane toads
  An ice statue (IceCv)
  A rime drake (Lair:5)
  3 komodo dragons
  2 trolls
  4 hornets (Swamp:1)
  4 blink frogs
  7 slime creatures (IceCv)
  5 spriggans
  A wyvern (D:8)
  12 yaks
  A basilisk (D:8)
  A swamp worm (Swamp:1)
  7 nagas
  A sky beast (D:7)
  9 orc warriors
  5 wolves
  A centaur (D:11)
  A slime creature simulacrum (IceCv)
  A bullfrog (Lair:2)
  A killer bee (D:10)
  An electric eel (Snake:2)
  2 orc priests
  A gnoll bouda (D:7)
  An iguana (D:8)
  4 orc wizards
  A gnoll (D:7)
  A white imp (D:7)
  19 orcs
  2 kobolds (D:11)
140 creatures vanquished.

Vanquished Creatures (others)
  2 bloated husks (Swamp:2)
  A slime creature (IceCv)
  A naga (Lair:3)
  23 hexers
  Natasha (D:2)
  33 fungi
  70 plants
131 creatures vanquished.

Grand Total: 995 creatures vanquished

Notes
Turn   | Place    | Note
-------+----------+-------------------------------------------
     0 | D:1      | ryw the Demonspawn Monk began the quest for the Orb.
     0 | D:1      | Reached XP level 1. HP: 18/18 MP: 1/1
   452 | D:1      | Gained mutation: You sometimes gain a little power by
                  | taking damage. [demonic ancestry]
   452 | D:1      | Reached XP level 2. HP: 21/24 MP: 2/2
  1171 | D:2      | Reached XP level 3. HP: 29/29 MP: 3/3
  1292 | D:2      | Noticed Natasha
  1344 | D:2      | Killed Natasha
  1485 | D:2      | Reached skill level 1 in Armour
  1485 | D:2      | Gained mutation: You sometimes gain power by taking damage.
                  | [demonic ancestry]
  1485 | D:2      | Reached XP level 4. HP: 37/37 MP: 4/4
  1494 | D:2      | Noticed Natasha
  1504 | D:2      | Killed Natasha
  1505 | D:2      | Reached skill level 4 in Fighting
  1618 | D:3      | Found a runed translucent door.
  1619 | D:3      | Noticed Crazy Yiuf
  2640 | D:2      | Noticed Natasha
  2649 | D:2      | Killed Natasha
  2650 | D:2      | Gained mutation: You are partially covered in sharp spines.
                  | [demonic ancestry]
  2650 | D:2      | Reached XP level 5. HP: 16/42 MP: 5/5
  3218 | D:3      | Found a burning altar of Makhleb.
  3660 | D:4      | Reached skill level 1 in Short Blades
  3761 | D:4      | Reached XP level 6. HP: 20/49 MP: 6/6
  4587 | D:5      | Entered Level 5 of the Dungeon
  4671 | D:5      | Found a basalt altar of Yredelemnul.
  5091 | D:5      | Reached skill level 5 in Fighting
  5158 | D:5      | Reached XP level 7. HP: 56/56 MP: 7/7
  5327 | D:5      | Noticed Edmund
  5385 | D:6      | Killed Edmund
  5839 | D:5      | Reached skill level 5 in Dodging
  5922 | D:5      | Noticed Dowan
  5924 | D:5      | Noticed Duvessa
  6003 | D:5      | Killed Dowan
  6024 | D:5      | Killed Duvessa
  6181 | D:5      | Gained mutation: You have a small tail. [demonic ancestry]
  6181 | D:5      | Reached XP level 8. HP: 64/64 MP: 8/8
  6209 | D:5      | Reached skill level 6 in Fighting
  6340 | D:5      | Identified the ring "Nucuggirgh" {rF+ rN+ Int+2 Stlth-}
  6845 | D:5      | Learned a level 2 spell: Blink
  7500 | D:6      | Reached skill level 1 in Shields
  7500 | D:6      | Reached skill level 1 in Translocations
  7581 | D:6      | Reached skill level 1 in Spellcasting
  7780 | D:6      | Found a hazy altar of Hepliaklqana.
  7783 | D:6      | Became a worshipper of Hepliaklqana the Forgotten
  7783 | D:6      | Reached * piety under Hepliaklqana
  7783 | D:6      | Reached ** piety under Hepliaklqana
  7784 | D:6      | Remembered your ancestor Nolwazi as a hexer
  7929 | D:6      | Reached skill level 5 in Armour
  8054 | D:6      | Found a bloodstained altar of Trog.
  8055 | D:6      | Found a shadowy altar of Dithmenos.
  8057 | D:6      | Found an iron altar of Okawaru.
  8257 | D:7      | Gained mutation: You are partially covered in rugged brown
                  | scales. (AC +1, +3% HP) [demonic ancestry]
  8257 | D:7      | Reached XP level 9. HP: 52/66 MP: 11/11
  8369 | D:7      | Reached skill level 7 in Fighting
  8642 | D:7      | Found a staircase to the Ecumenical Temple.
  8741 | D:7      | Learned a level 3 spell: Call Canine Familiar
  8758 | D:7      | Identified the +5 lajatang of Action {elec, rN+ Stlth+}
  8836 | D:7      | Reached skill level 1 in Summonings
  8853 | D:7      | Found an opulent altar of Gozag.
  9044 | D:7      | You fall into a shaft and drop 3 floors!
  9044 | D:10     | Entered Level 10 of the Dungeon
  9146 | D:10     | Reached skill level 1 in Staves
  9372 | D:10     | Noticed a troll
  9386 | D:10     | Killed a troll
  9487 | D:9      | Found a stormy altar of Qazlal.
  9494 | D:9      | Reached *** piety under Hepliaklqana
  9503 | D:9      | Gained mutation: You are mostly covered in rugged brown
                  | scales. (AC +2, +5% HP) [demonic ancestry]
  9503 | D:9      | Reached XP level 10. HP: 54/76 MP: 14/14
  9507 | D:8      | Found a broken altar of Ashenzari.
  9615 | D:8      | Found Yfappir's Weapon Shoppe.
  9894 | D:7      | Found Racve's Antique Weapon Emporium.
 10543 | D:8      | Found a staircase to the Lair.
 10560 | D:8      | Reached skill level 8 in Fighting
 11315 | D:9      | Found an ancient bone altar of Kikubaaqudgha.
 11344 | D:9      | Found a hide-covered altar of Uskayaw.
 11765 | D:9      | Reached **** piety under Hepliaklqana
 12823 | D:11     | Reached skill level 1 in Throwing
 12825 | D:11     | Gained mutation: You are powered by pain. [demonic
                  | ancestry]
 12825 | D:11     | Reached XP level 11. HP: 67/82 MP: 17/17
 13108 | D:11     | Reached skill level 5 in Staves
 13158 | D:11     | Found a frozen archway.
 13159 | D:11     | Noticed a two-headed ogre
 13170 | D:11     | Killed a two-headed ogre
 13171 | D:11     | Reached skill level 5 in Spellcasting
 13208 | IceCv    | Entered an ice cave
 13607 | IceCv    | Reached skill level 5 in Summonings
 13776 | IceCv    | Reached skill level 9 in Fighting
 13831 | IceCv    | Noticed a quicksilver ooze
 13836 | IceCv    | Killed a quicksilver ooze
 13997 | IceCv    | Found a viscous altar of Jiyva.
 13997 | IceCv    | Noticed an azure jelly
 14119 | IceCv    | Killed an azure jelly
 14120 | IceCv    | Reached skill level 1 in Invocations
 14120 | IceCv    | Reached XP level 12. HP: 72/90 MP: 15/20
 14172 | IceCv    | Noticed a quicksilver ooze
 14179 | IceCv    | Killed a quicksilver ooze
 14214 | IceCv    | Identified the +14 ice dragon scales of Plasticity {Rampage
                  | rF- rC++}
 14221 | IceCv    | Got the +6 spear of Nisuth {freeze, rN+ Stlth+}
 14535 | IceCv    | Got the ring of Uqaeneyng {Ice rElec rPois Str+4}
 14905 | D:11     | Found a staircase to the Orcish Mines.
 15031 | D:11     | Reached ***** piety under Hepliaklqana
 15363 | Lair:1   | Entered Level 1 of the Lair of Beasts
 16608 | Lair:2   | Noticed a death yak
 16608 | Lair:2   | Noticed a death yak
 16608 | Lair:2   | Noticed a death yak
 16641 | Lair:2   | Noticed a death yak
 16651 | Lair:1   | Killed a death yak
 16960 | Lair:2   | Noticed a death yak
 16960 | Lair:2   | Noticed a death yak
 17011 | Lair:1   | Killed a death yak
 17633 | Lair:3   | Gained mutation: You are completely covered in rugged brown
                  | scales. (AC +3, +7% HP) [demonic ancestry]
 17633 | Lair:3   | Reached XP level 13. HP: 90/99 MP: 22/22
 17726 | Lair:3   | Found a staircase to the Snake Pit.
 17743 | Lair:3   | Found a staircase to the Swamp.
 17863 | Lair:3   | Reached ****** piety under Hepliaklqana
 18211 | Lair:4   | Found a staircase to the Slime Pits.
 18211 | Lair:4   | Found a viscous altar of Jiyva.
 18280 | Lair:4   | Identified the +1 ring mail "Ingin" {Str+5}
 18361 | Lair:4   | Reached skill level 10 in Fighting
 18365 | Lair:4   | Reached skill level 5 in Throwing
 18370 | Lair:4   | Reached skill level 5 in Invocations
 18817 | Lair:4   | Identified the +0 pair of boots of the Shore {Regen+ Str+2
                  | SInv}
 19764 | Lair:5   | Entered Level 5 of the Lair of Beasts
 20059 | Lair:5   | Noticed a dire elephant
 20203 | Lair:5   | Gained mutation: Your magical and physical power is
                  | slightly enhanced at high health. [demonic ancestry]
 20203 | Lair:5   | Reached XP level 14. HP: 43/107 MP: 21/25
 21078 | Lair:5   | Reached skill level 10 in Staves
 21384 | Lair:5   | Learned a level 4 spell: Manifold Assault
 21392 | Lair:5   | Learned a level 7 spell: Storm Form
 21397 | Lair:5   | Learned a level 4 spell: Summon Lightning Spire
 21612 | Orc:1    | Entered Level 1 of the Orcish Mines
 22240 | Orc:2    | Entered Level 2 of the Orcish Mines
 22240 | Orc:2    | Found Qufel's Weapon Boutique.
 22393 | Orc:2    | Reached skill level 10 in Dodging
 22393 | Orc:2    | Reached skill level 1 in Transmutations
 22418 | Orc:2    | Reached skill level 1 in Air Magic
 22674 | Orc:2    | Found Bumigren's Weapon Shoppe.
 22674 | Orc:2    | Found Waugeg's General Store.
 22917 | Orc:2    | Reached skill level 11 in Fighting
 23217 | Orc:2    | Noticed an orc warlord
 23253 | Orc:2    | Killed an orc warlord
 23586 | Orc:2    | Identified the +5 mace of the Pyrrhic Victory {flame,
                  | Str+4}
 23740 | Orc:2    | Found Qiory's Assorted Antiques.
 23740 | Orc:2    | Found Xeru's General Store.
 24039 | Orc:2    | Noticed an orc warlord
 24122 | Orc:2    | Killed an orc warlord
 24155 | Orc:2    | Bought a potion of heal wounds for 50 gold pieces
 24187 | Orc:2    | Found a staircase to the Elven Halls.
 24310 | Orc:2    | Gained mutation: You have a tail ending in a sharp stinger.
                  | [demonic ancestry]
 24310 | Orc:2    | Reached XP level 15. HP: 115/115 MP: 27/27
 24642 | Swamp:1  | Entered Level 1 of the Swamp
 25066 | Snake:1  | Entered Level 1 of the Snake Pit
 25072 | Snake:1  | Reached skill level 5 in Translocations
 25441 | Snake:1  | Gained mutation: Your magical and physical power is
                  | enhanced at high health. [demonic ancestry]
 25441 | Snake:1  | Reached XP level 16. HP: 119/122 MP: 28/28
 25694 | Snake:1  | Found a flickering gateway to a bazaar.
 25704 | Snake:1  | Reached skill level 10 in Armour
 25706 | Bazaar   | Entered a bazaar
 25737 | Bazaar   | Found Imekumap's Distillery.
 25737 | Bazaar   | Found Somex's Antique Armour Shoppe.
 25748 | Bazaar   | Bought a pair of distressingly furry gloves for 275 gold
                  | pieces
 25748 | Bazaar   | Identified the +2 pair of gloves "Hong" {Int+2 Slay+5} (You
                  | bought it in a shop in a bazaar)
 25772 | Bazaar   | Found Sanimp's Assorted Antiques.
 25788 | Bazaar   | Found Loirodid's Book Emporium.
 25788 | Bazaar   | Found Maelul's Assorted Antiques.
 26676 | Snake:2  | Found Ohi Yjio's Armour Shoppe.
 26679 | Snake:2  | Found Omogiph's Jewellery Emporium.
 26681 | Snake:2  | Found Bianepir's Book Shoppe.
 26692 | Snake:2  | Bought the amulet of Toceruoh {Acrobat rElec rC- rN+ Dex+5}
                  | for 878 gold pieces
 26692 | Snake:2  | Bought a ring of wizardry for 510 gold pieces
 26851 | Snake:2  | Identified Roxanne's Directory of Tephra
 26851 | Snake:2  | Noticed Roxanne
 27077 | Snake:2  | Noticed Aizul
 27089 | Snake:2  | Killed Aizul
 27230 | Snake:2  | Reached skill level 12 in Fighting
 27674 | Snake:2  | Killed Roxanne
 27923 | Snake:2  | Noticed Mlioglotl
 27933 | Snake:2  | Killed Mlioglotl
 29247 | Snake:3  | Found a runed translucent door.
 29247 | Snake:3  | Noticed Guoplah's ghost (adept HOFi)
 29962 | Snake:3  | Killed Guoplah's ghost
 30111 | Snake:4  | Entered Level 4 of the Snake Pit
 30357 | Snake:4  | Found Zuroshonle's CLEARANCE SALE!.
 30654 | Snake:3  | Reached XP level 17. HP: 93/130 MP: 25/30
 31130 | Snake:4  | Reached skill level 10 in Summonings
 31953 | Snake:4  | Found Ugi Kat's Jewellery Shoppe.
 31954 | Snake:4  | Found Veafa's Book Boutique.
 31954 | Snake:4  | Found Vehocidd's Book Boutique.
 31963 | Snake:4  | Bought a +6 ring of intelligence for 540 gold pieces
 32240 | Snake:4  | Reached skill level 13 in Fighting
 32907 | Snake:4  | Got a serpentine rune of Zot
 33453 | Swamp:1  | Identified the ring of Nuh Kih {rC- Will+ Dex+3 SInv}
 34701 | Swamp:3  | Noticed Naistiu's ghost (adept DESu)
 34866 | Swamp:3  | Found a transporter.
 34866 | Swamp:3  | Noticed a tentacled monstrosity
 34866 | Swamp:3  | Identified the ring of Burhuxo {Ice Contam rElec rPois
                  | Will+}
 34892 | Swamp:3  | Found a transporter.
 34936 | Swamp:3  | Slain by an alligator

Illustrated notes

Levels and vault maps discovered:
D:1:      ebering_hopf_link, layout_loops_corners, serial_bayou_lagoon_b
D:2:      layout_basic, minivault_4, uniq_natasha
D:3:      layout_basic, tso_metal_star, demons_altar, uniq_crazy_yiuf_cottage
D:4:      minmay_octagon_keep, layout_basic
D:5:      kennysheep_slugbush, layout_layer_cave, elyvilon_altar_3,
          general_overflow_altar, uniq_duvessa, uniq_edmund
D:6:      layout_basic, minitemple, kennysheep_mini_moat, lightli_orcish_oven
D:7:      layout_loops_ring, mainiacjoe_overflow_alcove_4,
          minmay_temple_entry_offerings, serial_shops, nicolae_shop_stone,
          enter_bailey_5, minmay_unpleasant_kobolds
D:8:      layout_gridville, mainiacjoe_overflow_six_doors_small,
          ashenzari_altar_1, minmay_lair_entry_grove, serial_shops,
          nicolae_diamond_shop, corexii_corridor_pit
D:9:      layout_irregular_city, mainiacjoe_overflow_two_lobes,
          mainiacjoe_overflow_concentric_impassable
D:10:     layout_grid_maze, minivault_24
D:11:     layout_irregular_city, david_orc_4, portal_ice_cave_rime,
          gauntlet_entry_generic
Lair:1:   layout_loops_ring, pond
Lair:2:   layout_small_grid
Lair:3:   layout_roguey, skrybe_swamp_entry_bodies,
          minmay_snake_entry_spellcaster, grunt_megastairs_1
Lair:4:   layout_layer_cave, slime_entry_1, mumra_transporter_accident,
          chequers_serial_rivers_micro_b
Lair:5:   gammafunk_lair_ancient_temple, layout_misc_corridors
Swamp:1:  layout_basic_swamp, infiniplex_staircase_pool_2
Swamp:2:  layout_basic_swamp, serial_swamp_ruin, evilmike_swamp_ruin_house_5,
          evilmike_swamp_ruin_house_2, infiniplex_staircase_pool
Swamp:3:  layout_basic_swamp, gammafunk_ghost_arena, evilmike_swamp_ruin_house_1
Snake:1:  layout_onion, serial_shops, bzr_entry_gold, nicolae_triple_integral
Snake:2:  layout_onion, minmay_shop_star, serial_bayou_shore_a, uniq_aizul,
          uniq_mlioglotl, uniq_roxanne
Snake:3:  layout_cave_town, hellmonk_ghost_happy_afterlife, lemuel_fruit_tree
Snake:4:  johnstein_snake_rune_scales, layout_gridlike, nicolae_shop_clearance,
          minmay_shop_grove
Orc:1:    layout_caves, mines1_david
Orc:2:    st_orc_town, layout_caves, serial_shops, shop, minmay_orc_treasury

Skill      XL: |  1  2  3  4  5  6  7  8  9 10 11 12 13 14 15 16 17 |
---------------+----------------------------------------------------+-----
Dodging        | 3 4 5 6 7 8 9 10 11 | 11.0
Armour         | 1 2 3 5 6 7 8 9 11 | 11.7
Fighting       | 4 5 6 7 8 9 10 11 12 13 | 13.3
Short Blades   | 1 2 3 |  3.0
Shields        | 1 2 |  2.9
Translocations | 1 3 4 5 |  5.4
Spellcasting   | 1 3 4 5 6 7 8 9 |  9.5
Summonings     | 2 4 5 6 7 8 9 11 | 11.6
Staves         | 1 4 6 8 9 10 11 12 | 12.5
Throwing       | 1 3 4 5 6 |  6.2
Invocations    | 1 4 5 |  5.0
Transmutations | 3 4 |  4.7
Air Magic      | 3 4 |  4.8
Stealth        | |  1.7
Unarmed Combat | |  2.6

Action                     |  1- 3 |  4- 6 |  7- 9 | 10-12 | 13-15 | 16-18 || total
---------------------------+-------+-------+-------+-------+-------+-------++-------
  Melee: Unarmed           |   132 |    65 |       |       |       |       ||   197
         Punch             |     5 |     6 |     5 |       |       |       ||    16
         Rapier            |       |   131 |   268 |       |       |       ||   399
         Flail             |       |    12 |       |       |       |       ||    12
         Tailslap          |       |       |    36 |    69 |   115 |   109 ||   329
         Lajatang          |       |       |    42 |   396 |   661 |   588 ||  1687
  Throw: Boomerang         |     2 |    12 |    25 |       |       |       ||    39
         Javelin           |       |       |       |     4 |       |       ||     4
   Cast: Call Canine Famil |       |       |       |     3 |    19 |    38 ||    60
         Blink             |       |       |       |       |     1 |       ||     1
         Summon Lightning  |       |       |       |       |       |     8 ||     8
 Invoke: Ancestor Life: He |       |       |     1 |       |       |       ||     1
         Recall Ancestor   |       |       |     1 |     4 |     5 |     4 ||    14
    Use: Potion            |     3 |     1 |     2 |       |     3 |       ||     9
         Scroll            |     2 |     2 |     8 |     7 |     8 |     3 ||    30
   Stab: Sleeping          |     5 |     2 |       |       |       |       ||     7
         Invisible         |     1 |       |       |       |       |       ||     1
         Confused          |       |       |     4 |     9 |    11 |     5 ||    29
         Distracted        |       |       |     1 |    11 |    17 |    16 ||    45
         Paralysed         |       |       |       |       |     1 |    31 ||    32
 Armour: Robe              |    16 |       |       |       |       |       ||    16
         Ring mail         |    19 |    87 |   148 |   149 |       |       ||   403
         Ice dragon scales |       |       |       |   111 |   546 |   310 ||   967
  Dodge: Dodged            |    84 |    96 |   164 |   305 |   586 |   481 ||  1716
  Block: Buckler           |       |       |    28 |       |       |       ||    28

Table legend: (Time is in decaauts)
 A = Elapsed time spent in this place.
 B = Non-inter-level travel time spent in this place.
 C = Inter-level travel time spent in this place.
 D = Time resting spent in this place.
 E = Time spent auto-exploring this place.
 F = Levels seen in this place.
 G = Mean time per level.
                   A        B        C        D        E       F      G
               +--------+--------+--------+--------+--------+-----+--------+
         Total |  35187 |  33451 |   1736 |   8555 |  18168 |  27 | 1303.2 |
       Dungeon |  14289 |  13417 |    872 |   2057 |   8755 |  11 | 1299.0 |
          Lair |   7300 |   6930 |    370 |   1658 |   4099 |   5 | 1460.0 |
         Swamp |   1781 |   1646 |    135 |    191 |   1092 |   3 |  593.7 |
     Snake Pit |   7482 |   7201 |    281 |   2736 |   2838 |   4 | 1870.5 |
  Orcish Mines |   2811 |   2734 |     77 |   1156 |    934 |   2 | 1405.5 |
        Bazaar |    110 |    110 |      0 |      0 |     77 |   1 |  110.0 |
      Ice Cave |   1412 |   1412 |      0 |    757 |    372 |   1 | 1412.0 |
               +--------+--------+--------+--------+--------+-----+--------+

Top non-repeatable levels by time:
 Snake:3: 2434 daAuts
     D:6: 2003 daAuts
 Snake:2: 1957 daAuts
 Snake:4: 1903 daAuts
     D:5: 1869 daAuts
  Lair:3: 1839 daAuts
  Lair:4: 1657 daAuts
  Lair:5: 1601 daAuts
   Orc:2: 1501 daAuts
     D:7: 1497 daAuts
     D:3: 1486 daAuts
   IceCv: 1412 daAuts
    D:10: 1364 daAuts
   Orc:1: 1309 daAuts
    D:11: 1267 daAuts
